 Dungeon Crawl Stone Soup version 0.16-a0-4128-g10e7e3d (webtiles) character file.

144 wh1te the Shield-Bearer (level 5, -9/33 HPs)
             Began as a Gargoyle Fighter on Mar 2, 2015.
             Killed by divine providence
             ... invoked by an orc priest
              (13 damage)
             ... on level 3 of the Dungeon.
             The game lasted 00:10:13 (2225 turns).

wh1te the Shield-Bearer (Gargoyle Fighter)          Turns: 2225, Time: 00:10:13

Health: -9/33      AC: 12    Str: 21    XL:     5   Next: 26%
Magic:  5/5        EV:  8    Int:  8    God:
Gold:   187        SH:  9    Dex:  9    Spells: 0 memorised, 4 levels left

rFire  x . .     SeeInvis .     a - +0 flail
rCold  + . .     Clarity  .     b - +0 scale mail
rNeg   + . .     SustAb   .     c - +0 shield
rPois  ∞         Gourm    .     (no helmet)
rElec  +         Spirit   .     u - +0 cloak
rCorr  .         Warding  .     (no gloves)
rMut   .         Stasis   .     (no boots)
MR     .....                    (no amulet)
Stlth  ..........               g - ring of ice
                                (no ring)

@: flying, not resistant to hostile enchantments, extremely unstealthy
A: negative energy resistance 1, electricity resistance, unbreathing,
petrification resistance, rot immunity, AC +4
a: no special abilities


You were on level 3 of the Dungeon.
You were not hungry.

You visited 1 branch of the dungeon, and saw 3 of its levels.

You collected 187 gold pieces.

Inventory:

Hand weapons
 a - a +0 flail (weapon)
 m - a +2 hand axe of electrocution
 s - a +0 hunting sling
Missiles
 t - 23 stones (quivered)
Armour
 b - a +0 scale mail (worn)
 c - a +0 shield (worn)
 u - a +0 cloak (worn)
Jewellery
 g - a ring of ice (right hand)
 i - an uncursed amulet of the gourmand {unknown}
 q - an uncursed ring of ice
Scrolls
 f - 2 scrolls of enchant weapon {unknown}
 h - a scroll of noise {unknown}
 l - 2 scrolls of identify {unknown}
 n - a scroll of enchant armour {unknown}
 o - a scroll of remove curse
 p - a scroll of random uselessness {unknown}
 v - a scroll of fear {unknown}
Potions
 e - a potion of flight
 w - a potion of brilliance {unknown}
Comestibles
 d - 3 bread rations
 j - a fruit


   Skills:
 + Level 4.1 Fighting
 + Level 2.6 Maces & Flails
 + Level 4.1 Armour
 + Level 1.6 Dodging
 + Level 4.1 Shields


You had 4 spell levels left.
You didn't know any spells.

Dungeon Overview and Level Annotations

Branches:
Dungeon (3/15)

Altars:
Okawaru
Qazlal


Innate Abilities, Weirdness & Mutations

You are resistant to torment.
You are immune to poison.
Your stone body is very resilient (AC +4).
You resist negative energy.
You are resistant to electric shocks.
You can survive without breathing.
You are immune to petrification.
You are immune to rotting.


Message History

Pain shoots through your body!
* * * LOW HITPOINT WARNING * * *
The orc hits you but does no damage.
You are too injured to fight recklessly!
You are too injured to fight recklessly!
You are too injured to fight recklessly!
Drink which item? (? for menu, Esc to quit)
It was a potion of flight.
You feel very buoyant.
You fly up into the air.
The orc priest barely misses you. The orc hits you but does no damage.
The orc barely misses you.
The orc priest calls down the wrath of Beogh upon you.
Pain shoots through your body!
* * * LOW HITPOINT WARNING * * *
The orc completely misses you.
You see here a club.
The orc priest's eyes start to glow.
The orc priest mumbles some strange prayers to Beogh against you.
Something smites you!
You die...

##.#.......#####............
#.#.....#.#.....)........<#
#.#.#..)....###.##.........
#......#...## #.##.........
........##)..####.##........#
...........................##
.....######........###.#####
....###............##.#
..........@....##.##.#
............####.##.##
...####.............#
........o(......##..
...#...o.o......#
.#.###..o....[..#
.............†..#.##
.#..##..)............ ##
#...............


You could see an orc priest and 3 orcs.

Vanquished Creatures
  An orc priest (D:2)
  3 gnolls (D:3)
  2 adders (D:2)
  A worm (D:1)
  A giant gecko (D:1)
  2 oozes (D:1)
  4 orcs (D:2)
  A ball python (D:3)
  A giant cockroach (D:2)
  4 hobgoblins
  9 jackals
  3 quokkas
  5 bats
  3 giant newts
  8 goblins
  7 kobolds
  9 rats
64 creatures vanquished.

Notes
Turn   | Place    | Note
--------------------------------------------------------------
     0 | D:1      | wh1te, the Gargoyle Fighter, began the quest for the Orb.
     0 | D:1      | Reached XP level 1. HP: 14/14 MP: 1/1
   170 | D:1      | Reached XP level 2. HP: 19/19 MP: 2/2
   536 | D:1      | Reached XP level 3. HP: 24/24 MP: 3/3
   979 | D:1      | Reached skill level 1 in Dodging
  1275 | D:2      | Found an iron altar of Okawaru.
  1289 | D:2      | Found a stormy altar of Qazlal.
  1372 | D:2      | Reached XP level 4. HP: 24/29 MP: 4/4
  1543 | D:2      | Reached skill level 4 in Armour
  2056 | D:2      | Reached XP level 5. HP: 22/33 MP: 5/5
  2225 | D:3      | Killed from afar by an orc priest

Action                   |  1- 3 |  4- 6 || total
-------------------------+-------+-------++-------
Melee: Flail             |   148 |    74 ||   222
       Short sword       |    56 |       ||    56
  Use: Scroll            |     1 |       ||     1
       Potion            |       |     4 ||     4
  Eat: Chunk             |     1 |     1 ||     2
       Fruit             |       |     3 ||     3
